 Dungeon Crawl Stone Soup version 0.29.1-1-gd02db6906a (webtiles) character file.

Game seed: 15060541899661575473

2664 jimonade the Skirmisher (level 9, -3/59 (61) HPs)
             Began as a Formicid Hunter on Sept 23, 2022.
             Was an Initiate of Hepliaklqana.
             Slain by a wight
             ... wielding a +5 great sword of freezing
              (17 damage)
             ... on level 7 of the Dungeon.
             The game lasted 00:11:05 (6638 turns).

jimonade the Skirmisher (Formicid Hunter)           Turns: 6638, Time: 00:11:05

HP:   -3/59 (61)    AC:  7    Str: 22    XL:     9   Next: 94%
MP:   9/9           EV: 11    Int:  9    God:    Hepliaklqana [......]
Gold: 228           SH:  0    Dex: 21    Spells: 8/8 levels left

rFire   . . .      SeeInvis +   a - +0 shortbow (flame)
rCold   . . .      Faith    .   (no shield)
rNeg    + . .      Spirit   .   k - +0 ring mail
rPois   .          Reflect  .   (helmet unavailable)
rElec   .          Harm     .   f - +0 cloak
rCorr   .          Rampage  .   z - +0 pair of gloves
Will    .....                   (no boots)
Stlth   +.........              (no amulet)
HPRegen 0.19/turn               i - +6 ring of strength
MPRegen 0.11/turn               G - ring of positive energy

@: studying Ranged Weapons, lightly drained
A: permanent stasis, dig shafts and tunnels, antennae 3, four strong arms
a: Dig, Shaft Self, Renounce Religion


You were on level 7 of the Dungeon.
You worshipped Hepliaklqana.
Hepliaklqana was noncommittal.
You visited 2 branches of the dungeon, and saw 8 of its levels.

You collected 228 gold pieces.

Inventory:

Hand Weapons
 a - a +0 shortbow of flaming (weapon)
 b - a +0 vampiric trident
 v - a +0 sling
 A - a +2 antimagic dire flail
Missiles
 r - 3 javelins
Armour
 c - a +0 leather armour
 f - a +0 cloak (worn)
 k - a +0 ring mail (worn)
 z - a +0 pair of gloves (worn)
 D - a +2 robe of fire resistance
Magical Staves
 t - a staff of conjuration
 F - a staff of death
Jewellery
 i - a +6 ring of strength (left hand)
 G - a ring of positive energy (right hand)
Wands
 q - a wand of paralysis (6)
 B - a wand of iceblast (4)
Scrolls
 e - 4 scrolls of identify
 j - a scroll of vulnerability
 m - 3 scrolls of poison
 n - a scroll of immolation
 s - a scroll of torment {unknown}
Potions
 d - a potion of flight {unknown}
 g - 2 potions of attraction
 h - a potion of haste {unknown}
 l - 4 potions of curing {unknown}
 o - 2 potions of magic {unknown}
 p - a potion of degeneration {unknown}
 u - a potion of invisibility {unknown}
 C - a potion of lignification {unknown}
 E - a potion of heal wounds {unknown}


   Skills:
 - Level 2.1 Fighting
 + Level 13.5 Ranged Weapons
 - Level 1.7 Dodging
 - Level 1.2 Stealth
 * Level 0.4 Spellcasting
 * Level 0.5 Transmutations


You had 8 spell levels left.
You didn't know any spells.
Your spell library contained the following spells:

 Spells                   Type           Power      Damage    Failure   Level
 Beastly Appendage        Tmut           2%         N/A       45%         1
 Foxfire                  Conj/Fire      0%         2x1d4     54%         1
 Wereblood                Tmut           1%         N/A       58%         2
 Spider Form              Tmut/Pois      0%         N/A       86%         3
 Conjure Flame            Conj/Fire      0%         6-21      88%         3
 Inner Flame              Hex/Fire       0%         N/A       88%         3
 Summon Guardian Golem    Hex/Summ       0%         N/A       88%         3
 Flame Wave               Conj/Fire      0%         2d4       99%         4
 Summon Ice Beast         Ice/Summ       0%         N/A       99%         4
 Manifold Assault         Tloc           0%         N/A       100%        5
 Summon Mana Viper        Hex/Summ       0%         N/A       100%        5
 Monstrous Menagerie      Summ           0%         N/A       100%        7
 Orb of Destruction       Conj           0%         9d5       100%        7
 Spellforged Servitor     Conj/Summ      0%         N/A       100%        7
 Storm Form               Tmut/Air       0%         N/A       100%        7
 Blink                    Tloc           Unusable   N/A       N/A         2

Dungeon Overview and Level Annotations

Branches:
Dungeon (7/15)             Temple (1/1) D:5

Altars:
Ashenzari
Dithmenos
Fedhas
Gozag
Hepliaklqana
Kikubaaqudgha
Makhleb
Qazlal
Sif Muna
Uskayaw
Vehumet
Wu Jian
Xom
Zin
The Shining One

Shops:
D:3 (   D:6 [

Annotations:
D:3 exclusion: downstairs
D:4 1 runed translucent door, Crazy Yiuf


Innate Abilities, Weirdness & Mutations

You cannot be hasted, slowed, berserked, paralysed or teleported.
You can dig through walls and to a lower floor.
You have a pair of large antennae on your head. (SInv)
Your four strong arms can wield two-handed weapons with a shield.


Message History

The orc is almost dead.
The orc hits you with a +0 whip.
You shoot an arrow. The arrow hits the orc!
The arrow burns the orc.
You kill the orc!
You shoot an arrow. The arrow hits the orc!
The arrow burns the orc.
You kill the orc!
You shoot an arrow. The arrow hits the orc.
The arrow burns the orc.
You kill the orc!
You shoot an arrow. The arrow hits the wight.
The arrow burns the wight.
The wight is moderately damaged.
A wight comes into view.
It is wielding a +2 great sword of freezing.
The wight completely misses you.
A wight comes into view. It is wielding a +2 great sword.
You shoot an arrow. The arrow hits the wight.
The arrow burns the wight.
The wight is heavily damaged.
The wight hits you with a +0 scimitar. You partially resist.
You feel drained.
You shoot an arrow. The arrow hits the wight.
The arrow burns the wight.
The wight is almost destroyed.
The wight hits you with a +0 scimitar.
A wight comes into view. It is wielding a +3 great sword.
You shoot an arrow. The arrow hits the wight!
The arrow burns the wight.
You destroy the wight!
You shoot an arrow. The arrow hits the wight.
The arrow burns the wight.
The wight is moderately damaged.
The wight hits you with a +5 great sword of freezing!
The wight freezes you!
You are too injured to fight recklessly!
You are too injured to fight recklessly!
Found a pair of gloves.
The wight attacks as you move away!
The wight hits you with a +5 great sword of freezing!
* * * LOW HITPOINT WARNING * * *
You partially resist.
You feel drained.
* * * LOW HITPOINT WARNING * * *
The wight freezes you.
* * * LOW HITPOINT WARNING * * *
There is a stone staircase leading down here.
You can't go up here!
The wight hits you with a +5 great sword of freezing!
You die...

#########
##........
#@.......[
#.z######
#..zz)#
#..##z..#
#..#
.......
#..#
...)...
#..#
.......
#######..#
.......
.........#
....).!


You could see 4 wights.

Vanquished Creatures
  3 yaks (D:6)
  A steam dragon (D:6)
  Edmund (D:4)
  2 water moccasins
  3 ice beasts
  5 black bears
  2 ogres
  Blork the orc (D:4)
  A bullfrog (D:7)
  2 scorpions
  A wight (D:7)
  6 hounds
  A jelly (D:5)
  Ijyb (D:3)
  4 iguanas
  An orc wizard (D:3)
  9 adders
  4 gnolls (D:6)
  3 shadow imps
  3 white imps
  2 worms
  4 dart slugs
  11 orcs
  3 bats
  3 endoplasms
  3 giant cockroaches
  3 hobgoblins
  5 kobolds
  2 quokkas
  2 ball pythons
  3 frilled lizards
  4 goblins
  2 rats
101 creatures vanquished.

Notes
Turn   | Place    | Note
-------+----------+-------------------------------------------
     0 | D:1      | jimonade the Formicid Hunter began the quest for the Orb.
     0 | D:1      | Reached XP level 1. HP: 16/16 MP: 1/1
   224 | D:1      | Reached XP level 2. HP: 22/22 MP: 2/2
   314 | D:1      | Found a faded altar of an unknown god.
   549 | D:2      | Reached XP level 3. HP: 27/27 MP: 3/3
   578 | D:2      | Reached skill level 5 in Ranged Weapons
   844 | D:2      | Reached XP level 4. HP: 33/33 MP: 4/4
  1426 | D:3      | Found Peomacs's Antique Weapon Emporium.
  1490 | D:3      | Noticed Ijyb
  1503 | D:3      | Killed Ijyb
  1504 | D:3      | Reached skill level 6 in Ranged Weapons
  1504 | D:3      | Reached XP level 5. HP: 16/38 MP: 5/5
  2242 | D:4      | Noticed Blork the orc
  2464 | D:4      | Killed Blork the orc
  2465 | D:4      | Reached skill level 7 in Ranged Weapons
  2465 | D:4      | Reached XP level 6. HP: 44/44 MP: 6/6
  2521 | D:4      | Noticed an ogre
  2527 | D:4      | Killed an ogre
  2581 | D:4      | Reached XP level 7. HP: 37/50 MP: 7/7
  2769 | D:4      | Reached skill level 8 in Ranged Weapons
  2883 | D:4      | Found a runed translucent door.
  2884 | D:4      | Noticed Crazy Yiuf
  3014 | D:4      | Noticed Edmund
  3029 | D:4      | Killed Edmund
  3030 | D:4      | Reached skill level 9 in Ranged Weapons
  3587 | D:5      | Entered Level 5 of the Dungeon
  3601 | D:5      | Reached XP level 8. HP: 10/56 MP: 8/8
  4051 | D:5      | Reached skill level 10 in Ranged Weapons
  4436 | D:5      | Found a staircase to the Ecumenical Temple.
  4517 | Temple   | Entered the Ecumenical Temple
  4655 | Temple   | Became a worshipper of Hepliaklqana the Forgotten
  5038 | D:6      | Reached skill level 11 in Ranged Weapons
  5038 | D:6      | Reached XP level 9. HP: 52/61 MP: 9/9
  5296 | D:6      | Reached skill level 12 in Ranged Weapons
  5586 | D:6      | Found a glowing golden altar of the Shining One.
  6047 | D:6      | Reached skill level 13 in Ranged Weapons
  6167 | D:6      | Identified a scroll of acquirement
  6167 | D:6      | Acquired a manual of Ranged Weapons
  6216 | D:6      | Found Zowuxirgh's Antique Armour Shoppe.
  6638 | D:7      | Slain by a wight

Illustrated notes

Levels and vault maps discovered:
D:1:      dpeg_arrival_round_b, layout_rooms,
          shapermc_ecumenical_altar_hornbeckon
D:2:      layout_rooms
D:3:      layout_loops_corners, serial_shops, nicolae_shop_waterfront,
          minivault_4, uniq_ijyb
D:4:      layout_loops_ring, uniq_blork_the_orc, uniq_crazy_yiuf_cottage,
          uniq_edmund
D:5:      layout_rooms, minmay_temple_entry_drinking_statues
D:6:      layout_loops_ring, old_standard_altar, serial_shops, shop
D:7:      layout_basic, lemuel_tele_altar, uniq_pikel, uniq_menkaure,
          uniq_joseph
Temple:   nicolae_temple_great_sept

Skill      XL: |  1  2  3  4  5  6  7  8  9 |
---------------+----------------------------+-----
Ranged Weapons | 5 6 7 9 11 13 | 13.5
Fighting       | |  2.1
Dodging        | |  1.7
Stealth        | |  1.2
Spellcasting   | |  0.4
Transmutations | |  0.5

Action                   |  1- 3 |  4- 6 |  7- 9 || total
-------------------------+-------+-------+-------++-------
Melee: Trident           |       |       |     7 ||     7
 Fire: Shortbow          |    56 |   122 |   288 ||   466
  Use: Scroll            |       |     3 |     7 ||    10
Armor: Leather armour    |     9 |     1 |       ||    10
       Ring mail         |       |    19 |    68 ||    87
Dodge: Dodged            |    28 |    28 |    96 ||   152
